Map: Triton LE

Players

ViBE - Winner!

  • Race: Zerg Zerg
  • League: Diamond
  • Spawn Location: 5:00

Nasty

  • Race: Protoss Protoss
  • League: Diamond
  • Spawn Location: 11:00

VOD

Have the link to the VOD?

Description

Time

  • Played on: Dec. 19, 2019, 8:01 p.m.
  • Length: 13:56
Show
View Real Time Build Order
Export as new Build Order

ViBE Zerg - Winner!

Build Orders: Hatch First, Lurkers 

Get SALT Encoding   

  12  0:01  Drone  
  13  0:13  Overlord  
  13  0:16  Drone  
  14  0:31  Drone x2  
  16  0:51  Hatchery  
  16  0:54  Drone  
  16  0:56  Drone  
  17  1:11  Spawning Pool  
  16  1:13  Drone  
  16  1:16  Drone  
  18  1:21  Drone  
  18  1:25  Extractor  
  18  1:33  Drone  
  19  1:45  Overlord  
  19  1:57  Queen, Drone  
  22  2:03  Queen  
  22  2:05  Drone  
  22  2:06  Drone  
  26  2:16  Drone x2  
  28  2:23  Drone  
  28  2:26  Drone  
  30  2:38  Metabolic Boost  
  30  2:40  Drone x2  
  32  2:44  Hatchery  
  32  2:46  Zergling x4  
  33  2:55  Overlord  
  33  3:00  Drone  
  34  3:09  Drone x2  
  36  3:12  Queen  
  36  3:19  Overlord  
  38  3:23  Drone x5  
  43  3:39  Drone x2  
  45  3:49  Drone x7  
  52  4:11  Overlord  
  52  4:12  Overlord x3  
  52  4:16  Queen  
  50  4:26  Overlord  
  50  4:27  Overlord x3  
  50  4:30  Roach Warren  
  48  4:33  Zergling x8  
  48  4:36  Lair  
  52  4:39  Drone x3  
  52  4:40  Drone x3  
  56  4:49  Drone  
  57  4:58  Drone x11  
  68  5:13  Extractor  
  68  5:14  Extractor  
  66  5:15  Drone x4  
  66  5:16  Evolution Chamber  
  69  5:26  Drone x9  
  77  5:29  Baneling Nest  
  77  5:34  Extractor  
  74  5:40  Hatchery  
  74  5:42  Hydralisk Den  
  72  5:47  Glial Reconstitution  
  72  5:51  Roach x2  
  72  5:55  Zergling x16  
  84  6:01  Zergling x8, Roach x3  
  94  6:14  Roach x5  
  104  6:21  Extractor x2  
  102  6:26  Centrifical Hooks  
  102  6:28  Drone x2  
  102  6:32  Drone  
  105  6:33  Overlord x5  
  105  6:34  Overlord  
  105  6:36  Hatchery  
  105  6:38  Grooved Spines  
  104  6:44  Drone x2  
  106  6:51  Drone x2  
  106  6:53  Baneling x8  
  108  6:54  Baneling  
  108  7:05  Zergling x22  
  119  7:09  Baneling x7  
  119  7:10  Baneling  
  119  7:12  Baneling  
  119  7:19  Zerg Melee Weapons Level 1  
  119  7:21  Zergling x18  
  128  7:35  Overlord x2  
  128  7:42  Drone x12  
  140  7:52  Drone x4  
  140  7:54  Muscular Augments  
  140  7:57  Hydralisk x3  
  150  8:04  Infestation Pit  
  149  8:06  Extractor  
  149  8:09  Extractor  
  149  8:12  Hydralisk x10  
  155  8:14  Overlord x3  
  155  8:15  Overseer  
  167  8:33  Hydralisk x6  
  171  8:36  Zergling x10  
  184  8:49  Hydralisk x5  
  184  8:51  Zergling x12  
  192  9:14  Hydralisk  
  192  9:15  Hydralisk x4  
  197  9:23  Baneling  
  197  9:24  Baneling x12  
  195  9:26  Baneling x2  
  195  9:27  Zergling x10  
  198  9:36  Zergling x2  
  198  9:37  Zergling x16  
  156  9:58  Hive  
  151  10:01  Spire  
  151  10:03  Lurker Den  
  144  10:14  Zergling x8  
  144  10:15  Hydralisk x7, Zergling x24  
  144  10:18  Queen  
  174  10:24  Spine Crawler  
  174  10:26  Drone x2  
  174  10:27  Spore Crawler, Hatchery, Drone, Spine Crawler  
  170  10:29  Spore Crawler  
  170  10:30  Spine Crawler x2, Drone x3  
  170  10:33  Spore Crawler  
  170  10:34  Spine Crawler  
  168  10:35  Spine Crawler  
  168  10:37  Spore Crawler, Spine Crawler  
  168  10:39  Spine Crawler, Drone x3  
  168  10:40  Drone x3  
  170  10:43  Drone x5  
  170  10:45  Drone x2  
  178  10:51  Spine Crawler  
  178  10:53  Drone x2  
  178  10:56  Drone x2  
  181  11:07  Spore Crawler  
  181  11:08  Spine Crawler  
  181  11:10  Spine Crawler  
  178  11:20  Greater Spire  
  178  11:22  Adrenal Glands  
  178  11:24  Adaptive Talons  
  178  11:27  Lurker x9  
  178  11:32  Lurker  
  188  11:36  Spine Crawler  
  188  11:39  Spine Crawler, Drone  
  188  11:40  Spine Crawler x2, Drone  
  188  11:41  Drone x2  
  188  12:03  Seismic Spines  
  187  12:16  Zergling x24  
  188  12:31  Spine Crawler x2  
  188  12:33  Spine Crawler  
  188  12:34  Spine Crawler, Drone x5  
  188  12:35  Spine Crawler, Drone x2  
  188  12:36  Spine Crawler  
  185  12:57  Extractor  
  185  12:58  Extractor  
  183  13:10  Corruptor  
  183  13:11  Corruptor x7  
  194  13:29  Zergling x12  
Show
View Real Time Build Order
Export as new Build Order

Nasty Protoss 

Build Orders: 1 Gate Expand, Archon Immortal 

Get SALT Encoding   

  12  0:01  Probe  
  13  0:13  Probe  
  14  0:24  Pylon  
  14  0:30  Probe  
  16  0:42  Probe (Chrono Boost)  
  16  0:44  Gateway  
  16  0:50  Assimilator  
  16  0:54  Probe (Chrono Boost)  
  17  0:58  Probe (Chrono Boost)  
  18  1:09  Probe  
  19  1:21  Probe  
  20  1:29  Nexus  
  20  1:33  Probe  
  21  1:44  Cybernetics Core  
  21  1:46  Probe  
  22  1:58  Probe  
  23  2:03  Pylon  
  23  2:07  Gateway  
  23  2:19  Assimilator  
  23  2:21  Probe  
  23  2:22  Adept (Chrono Boost)  
  26  2:23  Warp Gate  
  26  2:43  Probe x2  
  28  2:47  Sentry (Chrono Boost)  
  28  2:50  Shield Battery  
  30  2:55  Probe  
  30  2:59  Probe  
  33  3:07  Stalker, Probe  
  33  3:08  Adept  
  33  3:11  Probe  
  38  3:20  Probe (Chrono Boost)  
  38  3:21  Pylon  
  38  3:23  Probe (Chrono Boost)  
  39  3:32  Probe (Chrono Boost)  
  41  3:35  Probe (Chrono Boost)  
  41  3:39  Probe (Chrono Boost)  
  41  3:40  Probe (Chrono Boost)  
  43  3:49  Probe (Chrono Boost)  
  43  3:50  Probe (Chrono Boost)  
  43  3:51  Robotics Facility  
  45  4:00  Twilight Council  
  45  4:02  Probe (Chrono Boost)  
  47  4:03  Probe (Chrono Boost)  
  47  4:04  Pylon  
  48  4:10  Probe x2 (Chrono Boost)  
  48  4:16  Probe x2  
  51  4:34  Probe x2  
  51  4:46  Probe  
  51  4:47  Probe  
  51  4:48  Immortal (Chrono Boost)  
  51  4:49  Adept x2  
  61  4:55  Assimilator  
  61  4:57  Assimilator  
  59  5:02  Probe x2  
  59  5:06  Charge (Chrono Boost)  
  61  5:14  Gateway  
  61  5:15  Gateway  
  61  5:16  Nexus  
  61  5:17  Pylon  
  61  5:18  Pylon  
  61  5:20  Pylon  
  61  5:28  Adept  
  62  5:38  Pylon  
  62  5:42  Stalker  
  64  5:46  Probe  
  64  5:47  Probe  
  66  5:50  Immortal (Chrono Boost)  
  70  5:59  Probe  
  71  6:07  Zealot x2  
  75  6:19  Immortal (Chrono Boost)  
  79  6:34  Zealot x4  
  79  6:36  Probe x3  
  79  6:39  Assimilator  
  90  6:41  Assimilator  
  90  6:42  Templar Archives  
  90  6:47  Gateway  
  90  6:48  Probe  
  90  6:50  Observer (Chrono Boost)  
  90  6:52  Gateway  
  92  6:57  Forge  
  92  7:00  Forge  
  92  7:01  Pylon  
  92  7:03  Gateway  
  92  7:05  Zealot x3, Gateway  
  92  7:06  Pylon  
  92  7:07  Zealot, Immortal (Chrono Boost)  
  104  7:13  Psionic Storm  
  104  7:17  Probe x3  
  107  7:29  Probe x3  
  110  7:32  High Templar x2, Pylon  
  110  7:33  High Templar x2  
  118  7:41  Probe x2  
  120  7:45  Robotics Facility  
  120  7:48  Robotics Bay  
  120  7:58  High Templar  
  120  7:59  High Templar  
  120  8:00  Zealot  
  120  8:01  Protoss Ground Weapons Level 1 (Chrono Boost)  
  120  8:02  Protoss Ground Armor Level 1 (Chrono Boost)  
  120  8:03  Archon  
  126  8:14  Pylon  
  126  8:16  Photon Cannon  
  126  8:18  Photon Cannon  
  126  8:20  Pylon  
  126  8:21  Shield Battery  
  126  8:25  Shield Battery, Pylon  
  126  8:26  High Templar x2  
  126  8:27  Zealot  
  132  8:31  Archon  
  132  8:35  Pylon  
  132  8:39  Pylon  
  132  8:42  Pylon  
  132  8:47  Extended Thermal Lance  
  132  8:49  Warp Prism  
  132  8:50  Observer  
  134  9:09  Zealot  
  124  9:10  Zealot x4  
  124  9:11  Zealot  
  124  9:16  Zealot  
  136  9:20  Shield Battery  
  124  9:24  Photon Cannon  
  124  9:29  Zealot x2  
  126  9:34  Zealot x4  
  126  9:35  Zealot  
  77  9:53  Zealot  
  77  9:54  Zealot x5  
  77  10:05  Zealot  
  77  10:06  Zealot  
  81  10:15  High Templar x6  
  81  10:19  Archon, Colossus x2 (Chrono Boost)  
  103  10:29  Probe x3  
  104  10:42  Shield Battery  
  104  10:43  Photon Cannon  
  104  10:46  Sentry  
  106  10:52  Zealot x2  
  106  10:53  Zealot x5  
  120  11:06  Colossus x2 (Chrono Boost)  
  132  11:13  Nexus  
  132  11:16  Pylon  
  131  11:31  Photon Cannon  
  131  11:36  High Templar  
  131  11:37  High Templar  
  131  11:38  High Templar x2  
  131  11:39  Zealot  
  141  11:42  Colossus x2 (Chrono Boost)  
  141  11:43  Archon  
  141  11:44  Archon  
  153  11:55  High Templar  
  153  11:56  High Templar  
  153  12:00  Archon  
  157  12:17  Zealot x3  
  157  12:18  Zealot x3  
  167  12:27  Observer x2 (Chrono Boost)  
  163  12:33  Zealot x2  
  145  12:49  Stalker x4  
  145  12:50  Stalker x2  
  153  13:01  Zealot x2  
  157  13:17  Zealot  
  157  13:18  Zealot x5  
Tags
 
Add a new tag
Caveats
  • Supply blocks, unpowered buildings, or Contaminate may cause inaccurate times.
  • Supply counts are checked every 10 seconds.